AoeStats
← __87_KeepeR_Arg

African Clearing

506780104Analyzed
4v4 RM · 18d ago on Sep 15, 2026· 50m 4s· 8 players
Game mode
Random Map
Map size
Large (8 player)
Population
200
Speed
Normal
Resources
Standard
Victory
Conquest
Starting age
Dark Age
Ending age
Imperial Age
RankedLock teamsTeams togetherTeam positionsShared explorationLock speedFull tech treeHidden civsTurbo modeCheats
Victory
Defeat
🇦🇷 Mapuche · Argentina
1501
+13
🇦🇷 Mongols · Argentina
1466
+14
🇦🇷 Jurchens · Argentina
1454
+15
🇦🇷 Magyars · Argentina
1373
+19
🇨🇦 Persians · Canada
1448
-16
🇺🇸 Koreans · United States
1447
-16
🇺🇸 Jurchens · United States
1441
-16
🇨🇳 Berbers · China
1388
-13
Chris Bosh the Dinosaurman
5:40 Loom
13:28 Feudal Age
15:39 Fletching
18:07 Wheelbarrow
24:19 Gold Mining
26:05 Padded Archer Armor
30:43 Castle Age
32:09 Scale Barding Armor
32:15 Forging
34:09 Double-Bit Axe
34:08 Horse Collar
36:52 Bow Saw
38:23 Bodkin Arrow
39:48 Heavy Plow
40:59 Squires
41:01 Pikeman
42:20 Scale Mail Armor
42:55 Iron Casting
42:38 Stone Mining
49:51 Imperial Age
鸭子
3:05 Loom
14:57 Feudal Age
21:30 Castle Age
20:36 Fletching
20:35 Double-Bit Axe
21:39 Pikeman
33:22 Bow Saw
35:09 Fletching
zhazhahui
14:25 Feudal Age
12:41 Loom
18:07 Castle Age
16:26 Scale Barding Armor
16:34 Forging
19:02 Bloodlines
19:29 Iron Casting
21:38 Town Watch
23:33 Chain Barding Armor
27:48 Double-Bit Axe
30:47 Horse Collar
32:59 Bow Saw
32:53 Heavy Plow
34:11 Husbandry
35:28 Wheelbarrow
35:16 Fletching
38:50 Bodkin Arrow
2987052186
5:44 Loom
14:30 Feudal Age
19:10 Castle Age
17:37 Horse Collar
17:46 Double-Bit Axe
18:44 Bloodlines
25:11 Fletching
29:15 Ballistics
31:24 Bodkin Arrow
35:36 Heavy Plow
35:58 Thumb Ring
36:23 Husbandry
40:47 Imperial Age
38:54 Wheelbarrow
41:36 Maghrebi Camels
41:04 Heavy Camel Rider
41:48 Elite Genitour
42:51 Bracer
42:52 Padded Archer Armor
42:58 Scale Barding Armor
44:38 Forging
44:44 Leather Archer Armor
45:19 Maghrebi Camels
45:39 Conscription
46:33 Chain Barding Armor
46:49 Iron Casting
49:39 Plate Barding Armor
50:04 Blast Furnace
50:38 Kasbah
_29_3ffect_Arg
4:48 Loom
13:06 Feudal Age
14:23 Double-Bit Axe
16:44 Castle Age
17:55 Bow Saw
18:28 Horse Collar
19:42 Wheelbarrow
18:53 Town Watch
20:52 Heavy Plow
23:16 Stone Mining
25:52 Gold Mining
28:19 Forging
34:24 Imperial Age
32:14 Scale Barding Armor
34:14 Bloodlines
34:04 Husbandry
34:45 Hand Cart
35:20 Chain Barding Armor
35:50 Conscription
37:00 Elite Iron Pagoda
38:22 Plate Barding Armor
40:15 Iron Casting
40:38 Coinage
44:31 Blast Furnace
45:44 Banking
45:51 Fortified Bastions
47:52 Hoardings
49:31 Stone Shaft Mining
49:33 Gold Shaft Mining
200_Darth Vader_Arg
3:16 Loom
12:12 Feudal Age
12:45 Double-Bit Axe
16:10 Town Watch
20:55 Scale Barding Armor
27:43 Castle Age
__48_Willow_Arg
3:03 Loom
12:52 Feudal Age
14:01 Double-Bit Axe
18:45 Horse Collar
23:37 Castle Age
22:25 Town Watch
31:45 Bow Saw
33:55 Heavy Plow
34:33 Wheelbarrow
38:46 Hand Cart
41:59 Stone Mining
42:20 Gold Mining
48:00 Imperial Age
46:28 Stone Shaft Mining
46:45 Fletching
46:55 Padded Archer Armor
47:25 Bodkin Arrow
49:22 Leather Archer Armor
48:49 Capped Ram
49:31 Bracer
51:26 Chemistry
50:48 Ballistics
__87_KeepeR_Arg
6:40 Loom
13:41 Feudal Age
17:53 Castle Age
17:26 Double-Bit Axe
17:55 Fletching
17:58 Gold Mining
20:52 Fletching
23:49 Bow Saw
23:31 Horse Collar
26:15 Padded Archer Armor
27:59 Bodkin Arrow
29:58 Wheelbarrow
29:09 Town Watch
34:48 Forging
38:29 Hand Cart
40:45 Iron Casting
41:27 Leather Archer Armor
44:43 Imperial Age
45:05 Malon
45:22 Malon
44:50 Pikeman
45:52 Leather Archer Armor
45:38 Scale Mail Armor
46:38 Blast Furnace
45:31 Elite Skirmisher
Connection lost

Rejoining the realm…

Still unreachable

The connection could not be restored.

Session expired

The server has moved on; the page needs a fresh start.